 Dungeon Crawl Stone Soup version 0.29.0-13-gc9e81de378 (webtiles) character file.

Game seed: 11051804817839722885

20331 Revguard the Chucker (level 12, -1/115 HPs)
             Began as a Troll Gladiator on Sept 7, 2022.
             Was the Champion of Okawaru.
             Slain by a boulder beetle (21 damage)
             ... on level 11 of the Dungeon.
             The game lasted 00:41:25 (10503 turns).

Revguard the Chucker (Troll Gladiator)             Turns: 10503, Time: 00:41:25

Health: -1/115     AC:  9    Str: 31    XL:     12   Next: 44%
Magic:  0/16       EV: 14    Int:  5    God:    Okawaru [******]
Gold:   722        SH:  0    Dex: 13    Spells: 11/11 levels left

rFire   . . .      SeeInvis +   s - +9 eveningstar of Greed {vorpal, rC- Int+3}
rCold   . . .      Faith    .   (no shield)
rNeg    . . .      Spirit   +   J - +0 troll leather armour
rPois   +          Reflect  .   c - +0 hat
rElec   .          Harm     .   v - +0 cloak
rCorr   +          Rampage  .   (gloves unavailable)
Will    .....                   (boots unavailable)
Stlth   +++.......              m - amulet of guardian spirit
HPRegen 1.89/turn               i - ring of see invisible
MPRegen 0.15/turn               j - ring "Fioguonefi" {Fly rC+ rCorr Str+6 Int-4}

@: heroic, flying
A: large, unfitting armour, claws 3, regeneration 1, shaggy fur 1, tough skin 1,
horns 1, poison resistance
a: Renounce Religion, Heroism, Finesse, Duel


You were on level 11 of the Dungeon.
You worshipped Okawaru.
Okawaru was exalted by your worship.
You visited 2 branches of the dungeon, and saw 15 of its levels.
You also visited: Ossuary.

You collected 722 gold pieces.

Inventory:

Hand Weapons
 g - a +4 demon trident of draining
 s - the +9 eveningstar of Greed (weapon) {vorpal, rC- Int+3}
   (You acquired it in an ossuary)

   It inflicts extra damage upon your enemies.
   Int:       It affects your intelligence (+3).
   rC:        It makes you vulnerable to cold.
Missiles
 e - 7 large rocks (quivered)
Armour
 b - a +2 robe
 c - a +0 hat (worn)
 v - a +0 cloak (worn)
 w - +1 acid dragon scales
 J - a +0 troll leather armour (worn)
Jewellery
 i - a ring of see invisible (left claw)
 j - the ring "Fioguonefi" (right claw) {Fly rC+ rCorr Str+6 Int-4}
   (You acquired it in an ossuary)

   [ring of strength]

   Str:       It affects your strength (+6).
   Int:       It affects your intelligence (-4).
   rC:        It protects you from cold.
   Fly:       It grants you flight.
   rCorr:     It protects you from acid and corrosion.
 m - an amulet of guardian spirit (around neck)
 x - a ring of wizardry
 y - a +4 ring of evasion
 B - a ring of fire
Wands
 p - a wand of polymorph (8)
 D - a wand of flame (21)
 F - a wand of paralysis (6)
 G - a wand of quicksilver (2)
Scrolls
 f - 7 scrolls of teleportation
 l - 3 scrolls of magic mapping
 n - a scroll of noise
 q - 3 scrolls of fear
 t - a scroll of enchant weapon
 u - 3 scrolls of amnesia
 C - a scroll of poison
 E - a scroll of vulnerability
 H - 2 scrolls of identify
 K - a scroll of butterflies
Potions
 a - 2 potions of magic
 h - 2 potions of mutation
 k - 4 potions of curing
 o - 2 potions of might
 z - a potion of haste
 A - a potion of berserk rage


   Skills:
 + Level 6.9(11.9) Fighting
 + Level 7.4(12.4) Maces & Flails
 - Level 2.0(7.0) Polearms
 + Level 7.6(12.6) Throwing
 + Level 6.5(11.5) Armour
 + Level 7.1(12.1) Dodging
 + Level 6.9(11.9) Shields
 + Level 7.3 Invocations


You had 11 spell levels left.
You didn't know any spells.
Your spell library contained the following spells:

 Spells                   Type           Power      Damage    Failure   Level
 Apportation              Tloc           0%         N/A       50%         1
 Foxfire                  Conj/Fire      0%         2x1d4     50%         1
 Sandblast                Erth           0%         2d4       50%         1
 Sting                    Tmut/Pois      0%         1d3       50%         1
 Passwall                 Tmut/Erth      0%         N/A       65%         2
 Conjure Flame            Conj/Fire      0%         6-21      86%         3
 Inner Flame              Hex/Fire       0%         N/A       86%         3
 Stone Arrow              Conj/Erth      0%         3d7       86%         3
 Flame Wave               Conj/Fire      0%         2d4       99%         4
 Passage of Golubria      Tloc           0%         N/A       99%         4
 Petrify                  Tmut/Erth      0%         N/A       99%         4
 Alistair's Intoxication  Tmut/Pois      0%         N/A       100%        5
 Metabolic Englaciation   Hex/Ice        0%         N/A       100%        5
 Yara's Violent Unravell  Hex/Tmut       0%         3d3       100%        5
 Statue Form              Tmut/Erth      0%         N/A       100%        6
 Tukima's Dance           Hex            Unusable   N/A       N/A         3

Dungeon Overview and Level Annotations

Branches:
Dungeon (14/15)            Temple (1/1) D:7            Lair (0/5) D:9
    Orc (0/2) D:12         Vaults (0/5) D:13        Ossuary (visited)

Altars:
Ashenzari
Cheibriados
Dithmenos
Elyvilon
Fedhas
Gozag
Hepliaklqana
Kikubaaqudgha
Makhleb
Nemelex Xobeh
Okawaru
Qazlal
Ru
Sif Muna
Trog
Uskayaw
Vehumet
Wu Jian
Xom
Yredelemnul
Zin
The Shining One

Annotations:
D:13 Nessos, Rupert


Innate Abilities, Weirdness & Mutations

You are too large for most types of armour.
You have claws for hands.
Your natural rate of healing is unusually fast.
You are covered in fur. (AC +1)
You have tough skin. (AC +1)
You have a pair of small horns on your head.
Your system is resistant to poisons. (rPois)


Message History

The tengu warrior hits you with a +0 dire flail!
The tengu warrior completely misses you.
The tengu warrior barely misses you. The boulder beetle hits you!!!
The boulder beetle stops rolling and uncurls.
The boulder beetle attacks as you move away!
The boulder beetle bites you.
* * * LOW HITPOINT WARNING * * *
The boulder beetle attacks as you move away!
The boulder beetle bites you!!
* * * LOW HITPOINT WARNING * * *
The boulder beetle curls into a ball and begins rolling!
You feel much better. The boulder beetle barely misses you.
The boulder beetle stops rolling and uncurls.
You feel much better. The boulder beetle closely misses you.
You gain the combat prowess of a mighty hero.
The boulder beetle bites you!!
You sock the boulder beetle! You claw the boulder beetle.
The boulder beetle is lightly wounded.
The boulder beetle closely misses you.
You thump the boulder beetle!
The boulder beetle is moderately wounded.
You impale the boulder beetle!!
You headbutt the boulder beetle, but do no damage.
The boulder beetle is heavily wounded.
The boulder beetle bites you!!
* * * LOW HITPOINT WARNING * * *
You hit the boulder beetle.
The boulder beetle is heavily wounded.
The boulder beetle bites you!
* * * LOW HITPOINT WARNING * * *
You bludgeon the boulder beetle!!
Your headbutt misses the boulder beetle.
The boulder beetle is almost dead.
The boulder beetle leaps!
Blink to where?
Press: ? - help, Dir - move target
As you read the scroll of blinking, it crumbles to dust.
The boulder beetle bites you!!
You die...

############### ##
#.....##......# #.
#.##..##...#..# #.
#.##..##...#..# #.
#@##..##...#..# #.
#B##..##...#..# #.
#.##..##<..#..# #.
#.##..##...#..# #.
#.##..##...#..# #.
#.##..##...#..# #.
#.##.......#..###.
#§##.......#......
####°##.......#......


You could see a boulder beetle.

Vanquished Creatures
  A hydra (D:12)
  A boulder beetle (D:10)
  3 two-headed ogres (D:10)
  An ogre mage (D:10)
  A deep elf zephyrmancer (D:10)
  A cyclops (D:10)
  A gargoyle (D:11)
  An unseen horror (D:10)
  2 trolls
  A hornet (D:10)
  Prince Ribbit (D:6)
  7 shadows (D:11)
  4 vampires (D:11)
  3 yaks (D:10)
  A human (D:12)
  2 wraiths (D:11)
  4 vampire mosquitoes
  4 steam dragons
  Menkaure (D:6)
  3 acid dragons
  3 wargs (D:9)
  A water moccasin (D:6)
  4 orc warriors
  2 sky beasts
  A black bear (D:7)
  An ice beast (D:5)
  2 ogres
  10 centaurs
  4 kobold brigands
  An elf zombie (Ossuary)
  3 bullfrogs
  A necrophage (D:6)
  11 wights
  23 killer bees
  6 howler monkeys
  16 centaur zombies
  A human zombie (Ossuary)
  3 jellies
  6 orc priests
  4 hounds
  2 gnoll boudas
  2 iguanas
  Ijyb (D:5)
  17 orc wizards
  2 mummies (Ossuary)
  A howler monkey zombie (D:11)
  4 adders
  20 gnolls
  2 white imps
  An ufetubus (D:4)
  An adder zombie (Ossuary)
  2 worms
  2 dart slugs (D:1)
  34 orcs
  8 ball pythons
  9 bats
  9 endoplasms
  4 giant cockroaches
  3 goblins
  8 hobgoblins
  5 jackals
  3 quokkas
  A frilled lizard (D:1)
  A goblin zombie (Ossuary)
  7 hobgoblin zombies (Ossuary)
  A jackal zombie (Ossuary)
  17 kobolds
  12 kobold zombies (Ossuary)
  8 orc zombies (Ossuary)
  A quokka zombie (D:4)
  5 rats
  4 rat zombies
343 creatures vanquished.

Vanquished Creatures (others)
  A fungus (D:1)
  22 plants (D:3)
  5 withered plants (D:11)
28 creatures vanquished.

Grand Total: 371 creatures vanquished

Notes
Turn   | Place    | Note
-------+----------+-------------------------------------------
     0 | D:1      | Revguard the Troll Gladiator began the quest for the Orb.
     0 | D:1      | Reached XP level 1. HP: 19/19 MP: 0/0
    68 | D:1      | Reached XP level 2. HP: 28/28 MP: 1/1
   165 | D:1      | Found a faded altar of an unknown god.
   182 | D:1      | Got Plato's Octavo of Contamination
   326 | D:1      | Reached XP level 3. HP: 35/35 MP: 2/2
   583 | D:1      | Identified a scroll of acquirement
   583 | D:1      | Acquired a +3 demon trident of draining
   614 | D:1      | Gained mutation: Your system is resistant to poisons.
                  | (rPois) [potion of mutation]
   614 | D:1      | Gained mutation: You have a pair of small horns on your
                  | head. [potion of mutation]
   768 | D:2      | Reached skill level 1 in Invocations
  1108 | D:2      | Reached XP level 4. HP: 27/42 MP: 3/3
  1121 | D:2      | HP: 1/44 [gnoll/+0 spear (7)]
  1154 | D:2      | Reached skill level 1 in Polearms
  1715 | D:3      | Reached skill level 1 in Armour
  1720 | D:3      | Reached XP level 5. HP: 49/50 MP: 5/5
  2533 | D:4      | Found a sand-covered staircase.
  2553 | Ossuary  | Entered an ossuary
  2667 | Ossuary  | Reached XP level 6. HP: 56/59 MP: 6/6
  2689 | Ossuary  | Reached skill level 1 in Shields
  2807 | Ossuary  | Acquired the +9 eveningstar of Greed {vorpal, rC- Int+3}
  2810 | Ossuary  | Acquired the ring "Fioguonefi" {Fly rC+ rCorr Str+6 Int-4}
  3532 | D:5      | Entered Level 5 of the Dungeon
  3591 | D:5      | Reached XP level 7. HP: 62/67 MP: 7/7
  3733 | D:5      | Identified the +8 broad axe "Jobeamat" {drain, Int+3}
  4041 | D:5      | Noticed Ijyb
  4049 | D:5      | Killed Ijyb
  4387 | D:6      | Reached XP level 8. HP: 75/75 MP: 7/9
  4618 | D:6      | Noticed Prince Ribbit
  4627 | D:6      | Killed Prince Ribbit
  4737 | D:6      | Noticed Menkaure
  4744 | D:6      | Killed Menkaure
  4988 | D:7      | Found a staircase to the Ecumenical Temple.
  5018 | Temple   | Entered the Ecumenical Temple
  5549 | Temple   | Became a worshipper of Warmaster Okawaru
  5620 | D:7      | Reached XP level 9. HP: 82/84 MP: 7/10
  6278 | D:8      | Reached * piety under Okawaru
  6397 | D:8      | Reached skill level 5 in Throwing
  6457 | D:8      | Found an opulent altar of Gozag.
  6458 | D:8      | Found a sparkling altar of Nemelex Xobeh.
  6460 | D:8      | Found a snail-covered altar of Cheibriados.
  6463 | D:8      | Found a hide-covered altar of Uskayaw.
  6464 | D:8      | Found a basalt altar of Yredelemnul.
  6464 | D:8      | Found a hazy altar of Hepliaklqana.
  6466 | D:8      | Found a blossoming altar of Fedhas.
  6468 | D:8      | Found a shimmering altar of Xom.
  6678 | D:8      | Reached skill level 5 in Maces & Flails
  6679 | D:8      | Reached ** piety under Okawaru
  6680 | D:8      | Reached skill level 5 in Dodging
  6849 | D:9      | Found a staircase to the Lair.
  6860 | D:9      | Reached XP level 10. HP: 67/94 MP: 8/12
  6875 | D:9      | Reached skill level 5 in Invocations
  6964 | D:9      | Reached skill level 5 in Fighting
  7241 | D:9      | Found a radiant altar of Vehumet.
  7254 | D:9      | Found a shadowy altar of Dithmenos.
  7273 | D:9      | Reached *** piety under Okawaru
  7595 | D:10     | Entered Level 10 of the Dungeon
  7964 | D:10     | Reached skill level 5 in Shields
  8022 | D:10     | Reached **** piety under Okawaru
  8027 | D:10     | Noticed a two-headed ogre
  8034 | D:10     | Killed a two-headed ogre
  8035 | D:10     | Reached skill level 5 in Armour
  8040 | D:10     | Noticed a two-headed ogre
  8045 | D:10     | Killed a two-headed ogre
  8048 | D:10     | Reached XP level 11. HP: 65/105 MP: 5/14
  8050 | D:10     | Noticed a boulder beetle
  8096 | D:10     | Killed a boulder beetle
  8202 | D:10     | Noticed a two-headed ogre
  8203 | D:10     | Noticed an ogre mage
  8205 | D:10     | Noticed a deep elf zephyrmancer
  8232 | D:10     | Reached ***** piety under Okawaru
  8278 | D:10     | Paralysed by an ogre mage for 2 turns
  8283 | D:10     | Paralysed by something for 5 turns
  8299 | D:10     | Killed a deep elf zephyrmancer
  8302 | D:10     | Killed a two-headed ogre
  8302 | D:10     | Paralysed by something for 5 turns
  8321 | D:10     | Killed an ogre mage
  8756 | D:11     | Received a gift from Okawaru
  8960 | D:11     | You are sucked into a shaft and drop 3 floors!
  8961 | D:14     | Noticed a centaur warrior
  8982 | D:13     | Noticed Nessos
  8982 | D:13     | Noticed Rupert
  8982 | D:13     | Noticed an orc knight
  8982 | D:13     | Noticed a boulder beetle
  8982 | D:13     | Found a gate to the Vaults.
  8985 | D:12     | Noticed a tengu warrior
  8987 | D:12     | Noticed a boulder beetle
  8991 | D:12     | Noticed a two-headed ogre
  9003 | D:12     | Found a staircase to the Orcish Mines.
  9023 | D:11     | Received a gift from Okawaru
  9193 | D:11     | Reached XP level 12. HP: 108/115 MP: 10/16
  9455 | D:11     | Reached ****** piety under Okawaru
  9817 | D:11     | Identified the +9 long sword of the Oracle {elec, rPois
                  | Int-5 Dex+3} (Okawaru gifted it to you on level 11 of the
                  | Dungeon)
  9817 | D:11     | Received a gift from Okawaru
 10401 | D:12     | Noticed a seven-headed hydra
 10408 | D:12     | Killed a seven-headed hydra
 10503 | D:11     | Slain by a boulder beetle

Illustrated notes

Levels and vault maps discovered:
D:1:      psy_arrival_fountain, layout_rooms,
          shapermc_ecumenical_altar_rom_forum, columned_hall_lemuel
D:2:      layout_basic
D:3:      layout_basic, serial_bayou, serial_bayou_pond_d, serial_bayou_pond_b,
          serial_bayou_lagoon_a, serial_bayou_pond_a,
          nicolae_figureground_sparkle
D:4:      layout_basic, enter_ossuary_4
D:5:      layout_basic, uniq_ijyb
D:6:      layout_cave_pools, uniq_menkaure, uniq_prince_ribbit1
D:7:      layout_basic, temple_hall
D:8:      wander_river, layout_loops_ring, minitemple
D:9:      layout_long_grid, mainiacjoe_overflow_catch_the_wave,
          erik_lair_orcish_takeover, corexii_leaking_fountain,
          minmay_misc_feat_five
D:10:     layout_long_grid, nzn_random_ring
D:11:     layout_long_grid, serial_undead, serial_undead_b, serial_undead_c,
          serial_undead_b, serial_undead_c, serial_undead_c, serial_undead_a,
          serial_undead_d, serial_undead_b, serial_undead_e, serial_undead_b
D:12:     layout_cave_pools, orc_0_dummy, ebering_ghost_reflecting_pool,
          minmay_shop_grid_forest, trog_three_pillars_becter
D:13:     layout_basic, david_vaults_3
D:14:     layout_cave_pools, gammafunk_ghost_smash, serial_shops,
          nicolae_stop_n_shop_2, lemuel_tele_altar
Temple:   chequers_temple_sunken

Skill      XL: |  1  2  3  4  5  6  7  8  9 10 11 12 |
---------------+-------------------------------------+-----
Fighting       | 2 3 4 5 6 |  6.9
Throwing       | 2 3 4 5 6 7 |  7.6
Invocations    | 1 2 3 4 5 6 7 |  7.3
Polearms       | 1 2 |  2.0
Armour         | 1 2 3 4 5 6 |  6.5
Dodging        | 3 4 5 6 7 |  7.1
Shields        | 1 2 3 4 5 6 |  6.9
Maces & Flails | 3 4 5 6 7 |  7.4

Action                   |  1- 3 |  4- 6 |  7- 9 | 10-12 || total
-------------------------+-------+-------+-------+-------++-------
Melee: Flail             |    83 |       |       |       ||    83
       Demon trident     |    22 |   206 |       |       ||   228
       Headbutt          |       |    40 |    16 |    69 ||   125
       Eveningstar       |       |    13 |   184 |   368 ||   565
       Punch             |       |       |     1 |    10 ||    11
Throw: Throwing net      |       |       |     7 |     5 ||    12
       Large rock        |       |       |     1 |       ||     1
Invok: Heroism           |       |       |       |     3 ||     3
       Finesse           |       |       |       |     1 ||     1
Evoke: Wand              |       |       |     2 |    19 ||    21
  Use: Scroll            |     4 |     8 |     7 |     9 ||    28
       Potion            |     3 |     7 |     4 |     7 ||    21
 Stab: Sleeping          |     1 |     1 |       |       ||     2
Armor: Robe              |    59 |    87 |    60 |     1 ||   207
       Troll leather arm |       |       |       |   240 ||   240
       Acid dragon scale |       |       |       |    30 ||    30
Dodge: Dodged            |    80 |   116 |   155 |   468 ||   819
